 Dungeon Crawl Stone Soup version 0.20.1-1-g8b1a95d (webtiles) character file.

595 Monsterracer the Insei (level 7, -1/49 HPs)
             Began as a Merfolk Transmuter on July 16, 2017.
             Was an Initiate of Cheibriados.
             Slain by a mummy (15 damage)
             ... in an ossuary.
             The game lasted 00:23:09 (6293 turns).

Monsterracer the Insei (Merfolk Transmuter)         Turns: 6293, Time: 00:23:10

Health: -1/49      AC:  3    Str: 11    XL:     7   Next: 40%
Magic:  7/10       EV: 13    Int: 15    God:    Cheibriados [......]
Gold:   252        SH:  0    Dex: 16    Spells: 0/11 levels left

rFire    . . .     SeeInvis .     - Unarmed
rCold    . . .     Gourm    .   (no shield)
rNeg     . . .     Faith    .   b - +0 robe
rPois    .         Spirit   .   q - +0 helmet
rElec    .         Reflect  .   (no cloak)
rCorr    .         Harm     .   (no gloves)
MR       .....     Rnd*Tele +   (no boots)
Stlth    +.........             (no amulet)
Regen    0.2/turn               o - ring of teleportation (curse)
MPRegen  0.2/turn               (no ring)

@: very slow
A: change form in water, swift swim, stealthy swim
a: Bend Time, Renounce Religion


You were in an ossuary.
You worshipped Cheibriados.
Cheibriados was noncommittal.
You were not hungry.

You visited 2 branches of the dungeon, and saw 6 of its levels.
You also visited: Ossuary.

You collected 252 gold pieces.

Inventory:

Missiles
 a - 28 arrows
Armour
 b - a +0 robe (worn)
 m - a +0 buckler
 q - a +0 helmet (worn)
Jewellery
 o - a cursed ring of teleportation (left hand)
Wands
 u - a wand of paralysis (7/24)
Scrolls
 g - a scroll of magic mapping
 v - a scroll of identify
Potions
 e - a potion of invisibility
 f - a potion of haste
 h - a potion of ambrosia {unknown}
 i - a potion of might {unknown}
 j - a potion of heal wounds {unknown}
 k - a potion of magic {unknown}
 n - a potion of lignification
 p - 2 potions of curing
 s - 2 potions of agility
Books
 c - a book of Changes

   Spells                             Type                      Level
   a - Beastly Appendage              Transmutation                1
   b - Sticks to Snakes               Transmutation                2
   c - Spider Form                    Transmutation/Poison         3
   d - Ice Form                       Ice/Transmutation            4
   e - Blade Hands                    Transmutation                5
Comestibles
 d - 3 bread rations
 l - 2 royal jellies
 t - 2 meat rations


   Skills:
 + Level 1.7 Fighting
 + Level 3.1 Dodging
 * Level 7.3 Unarmed Combat
 - Level 2.5 Spellcasting
 * Level 5.9 Transmutations
 + Level 0.0 Invocations


You couldn't memorise any spells.
You knew the following spells:

 Your Spells              Type           Power        Failure   Level  Hunger
a - Beastly Appendage     Tmut           ###...       1%          1    #......
b - Sticks to Snakes      Tmut           ###.....     2%          2    ###....
c - Spider Form           Tmut/Pois      ##........   19%         3    ###....
d - Blade Hands           Tmut           ###.......   45%         5    ######.


Dungeon Overview and Level Annotations

Branches:
Dungeon (5/15)             Temple (1/1) D:4

Altars:
Ashenzari
Cheibriados
Dithmenos
Elyvilon
Fedhas
Gozag
Hepliaklqana
Kikubaaqudgha
Okawaru
Qazlal
Ru
Sif Muna
Trog
Uskayaw
Yredelemnul
Zin


Message History

Huge Dmg: -26%(-13hp) hp: 64%(31hp)
You hit the mummy.
The mummy is almost destroyed.
Your ball python bites the mummy but does no damage.
Your ball python constricts the mummy.
The mummy barely misses you.
Your adder bites the mummy but does no damage.
You hit the mummy.
You destroy the mummy!
The mummy hits you!!
* * * LOW HITPOINT WARNING * * *
Your adder bites the mummy.
Huge Dmg: -37%(-18hp) hp: 29%(14hp)
You barely miss the mummy.
The mummy is lightly damaged.
Your adder bites the mummy.
Your ball python bites the mummy.
Your ball python grabs the mummy.
Your ball python constricts the mummy.
You punch the mummy!
The mummy is severely damaged.
Your adder bites the mummy.
The mummy hits you!
You die...

...........
#........
#......
#....#
#....#
#....#
#....#
#.MS.#
#.S@.#
#....#
#....#
#.∩∩.#
######


You could see a mummy, a friendly adder and a friendly ball python.

Vanquished Creatures
  The ghost of valak24 the Chopper, an amateur DrBe of Trog (D:4)
  A phantom (D:4)
  A howler monkey (D:3)
  3 orc wizards (D:4)
  A big kobold zombie (Ossuary)
  2 mummies (Ossuary)
  Robin (D:3)
  3 gnolls
  4 adders
  An adder skeleton (D:4)
  3 worms
  2 dart slugs
  A leopard gecko (D:3)
  10 orcs
  2 ball pythons
  A giant cockroach (D:3)
  2 gnoll zombies (Ossuary)
  22 goblins
  8 hobgoblins
  8 jackals (D:2)
  5 kobolds
  9 bats
  5 frilled lizards
  A hobgoblin zombie (Ossuary)
  A kobold zombie (Ossuary)
  3 orc zombies (Ossuary)
  A quokka skeleton (D:5)
  A quokka zombie (D:5)
  8 rats
  A rat zombie (D:5)
112 creatures vanquished.

Vanquished Creatures (collateral kills)
  An adder (D:2)
1 creature vanquished.

Grand Total: 113 creatures vanquished

Notes
Turn   | Place    | Note
-------+----------+-------------------------------------------
     0 | D:1      | Monsterracer the Merfolk Transmuter began the quest for the Orb.
     0 | D:1      | Reached XP level 1. HP: 15/15 MP: 3/3
   595 | D:1      | Reached XP level 2. HP: 14/21 MP: 3/5
   599 | D:1      | Learned a level 2 spell: Sticks to Snakes
   944 | D:1      | Reached skill level 4 in Unarmed Combat
  1344 | D:2      | Reached XP level 3. HP: 13/26 MP: 4/6
  1360 | D:2      | Learned a level 3 spell: Spider Form
  1659 | D:2      | Found a hazy altar of Hepliaklqana.
  2025 | D:2      | Reached XP level 4. HP: 24/32 MP: 5/7
  2469 | D:2      | Found a stormy altar of Qazlal.
  2470 | D:2      | Reached skill level 5 in Unarmed Combat
  2628 | D:3      | Noticed Robin
  3050 | D:3      | Killed Robin
  3054 | D:3      | Reached XP level 5. HP: 19/37 MP: 5/8
  3571 | D:3      | Found a faded altar of an unknown god.
  3775 | D:3      | Found a shattered altar of Ashenzari.
  3882 | D:3      | Reached skill level 6 in Unarmed Combat
  4045 | D:4      | Reached XP level 6. HP: 22/43 MP: 4/9
  4106 | D:4      | Noticed valak24's ghost (amateur DrBe)
  4268 | D:4      | Found a snail-covered altar of Cheibriados.
  4299 | D:4      | Noticed an air elemental
  4305 | D:4      | Found a stormy altar of Qazlal.
  4308 | D:4      | Noticed a water elemental
  4308 | D:4      | Noticed a fire elemental
  4330 | D:4      | Reached skill level 5 in Transmutations
  4625 | D:4      | Noticed a phantom
  4833 | D:4      | Killed a phantom
  5086 | D:4      | Found a staircase to the Ecumenical Temple.
  5105 | D:4      | Killed valak24's ghost
  5105 | D:4      | Reached skill level 7 in Unarmed Combat
  5105 | D:4      | Reached XP level 7. HP: 48/48 MP: 10/10
  5112 | D:4      | Learned a level 5 spell: Blade Hands
  5151 | Temple   | Entered the Ecumenical Temple
  5573 | D:4      | Became a worshipper of Cheibriados the Contemplative
  5830 | D:5      | Entered Level 5 of the Dungeon
  5925 | D:5      | Found a sand-covered staircase.
  5943 | Ossuary  | Entered an ossuary
  6293 | Ossuary  | Slain by a mummy

Skill      XL: |  1  2  3  4  5  6 |
---------------+-------------------+-----
Transmutations | 3 4 5 |  5.9
Unarmed Combat | 4 5 6 7 |  7.3
Dodging        | 3 |  3.1
Fighting       | |  1.7
Spellcasting   | |  2.5

Action                   |  1- 3 |  4- 6 |  7- 9 || total
-------------------------+-------+-------+-------++-------
Melee: Unarmed           |   133 |   188 |    45 ||   366
       Headbutt          |     4 |     1 |       ||     5
       Punch             |       |     3 |       ||     3
 Cast: Beastly Appendage |    14 |     2 |       ||    16
       Spider Form       |     2 |    11 |       ||    13
       Sticks to Snakes  |     2 |     3 |     2 ||     7
  Use: Scroll            |       |     8 |     1 ||     9
       Potion            |       |     1 |     2 ||     3
 Stab: Sleeping          |     2 |     1 |       ||     3
       Distracted        |       |       |     1 ||     1
  Eat: Chunk             |     4 |     7 |       ||    11
       Meat ration       |       |     1 |       ||     1
       Bread ration      |       |       |     1 ||     1
       Fruit             |       |       |     1 ||     1
Armor: Robe              |    11 |     8 |     3 ||    22
       Skin              |       |    19 |     6 ||    25
Dodge: Dodged            |    84 |   145 |    18 ||   247
